 Dungeon Crawl Stone Soup version 0.29-a0-275-g389c0b56f3 (webtiles) character file.

Game seed: 17559338664416283020

2583 Armakuni the Cruncher (level 9, -2/65 HPs)
             Began as a Human Transmuter on Mar 6, 2022.
             Was a Follower of Elyvilon.
             Succumbed to a kobold brigand's curare-tipped dart
             ... on level 7 of the Dungeon on Mar 10, 2022.
             The game lasted 00:17:43 (7871 turns).

Armakuni the Cruncher (Human Transmuter)            Turns: 7871, Time: 00:17:43

Health: -2/65      AC: 15    Str: 21    XL:     9   Next: 88%
Magic:  12/12      EV: 11    Int: 13    God:    Elyvilon [*.....]
Gold:   273        SH:  0    Dex: 14    Spells: 9/12 levels left

rFire   . . .      SeeInvis .   a - +0 flail
rCold   . . .      Faith    .   (no shield)
rNeg    + . .      Spirit   .   s - +3 scale mail {Will+}
rPois   .          Reflect  .   k - +0 helmet
rElec   .          Harm     .   u - +0 cloak
rCorr   .          Rampage  .   h - +1 pair of gloves
Will    +....                   q - +0 pair of boots
Stlth   ..........              (no amulet)
HPRegen 0.20/turn               N - ring of positive energy
MPRegen 0.13/turn               V - +6 ring of strength

@: lethally poisoned (-2 -> -12), slowed, very slow
A: no striking features
a: Renounce Religion, Purification


You were on level 7 of the Dungeon.
You worshipped Elyvilon.
Elyvilon was aware of your devotion.
You visited 2 branches of the dungeon, and saw 8 of its levels.

You collected 273 gold pieces.

Inventory:

Hand Weapons
 a - a +0 flail (weapon)
 b - a +0 whip of freezing
 j - a +1 mace of holy wrath
 v - a +3 quarterstaff of chaos
Missiles
 f - a curare-tipped dart (quivered)
Armour
 h - a +1 pair of gloves (worn)
 k - a +0 helmet (worn)
 q - a +0 pair of boots (worn)
 s - a +3 scale mail of willpower (worn)
 u - a +0 cloak (worn)
Magical Staves
 p - a staff of air
Jewellery
 x - a +6 ring of intelligence
 N - a ring of positive energy (left hand)
 V - a +6 ring of strength (right hand)
Scrolls
 d - 3 scrolls of fear
 e - a scroll of silence
 g - a scroll of enchant weapon
 o - 2 scrolls of teleportation
 w - a scroll of identify
Potions
 c - 2 potions of mutation
 i - 2 potions of curing
 l - 2 potions of lignification
 m - a potion of invisibility {unknown}
 n - a potion of haste {unknown}
 r - a potion of degeneration {unknown}
 t - 2 potions of flight {unknown}


   Skills:
 - Level 3.7 Fighting
 - Level 3.3(7.7) Maces & Flails
 + Level 10.8(11.0) Staves
 - Level 3.0 Armour
 - Level 3.0 Dodging
 - Level 3.0 Unarmed Combat
 - Level 2.0 Spellcasting
 - Level 2.0 Transmutations


You had 9 spell levels left.
You knew the following spells:

 Your Spells              Type           Power      Damage    Failure   Level
a - Beastly Appendage     Tmut           12%        N/A       30%         1
w - Wereblood             Tmut           6%         N/A       41%         2

Your spell library contained the following spells:

 Spells                   Type           Power      Damage    Failure   Level
 Scorch                   Fire           2%         2d5       71%         2
 Spider Form              Tmut/Pois      3%         N/A       80%         3
 Stone Arrow              Conj/Erth      2%         3d7       90%         3
 Ice Form                 Ice/Tmut       3%         N/A       99%         4
 Animate Armour           Summ/Erth      2%         N/A       100%        4
 Flame Wave               Conj/Fire      1%         2d4       100%        4
 Summon Forest            Summ/Tloc      0%         N/A       100%        5
 Summon Mana Viper        Hex/Summ       1%         N/A       100%        5
 Summon Cactus Giant      Summ           0%         N/A       100%        6
 Lehudib's Crystal Spear  Conj/Erth      0%         10d2      100%        8


Dungeon Overview and Level Annotations

Branches:
Dungeon (7/15)             Temple (1/1) D:5

Altars:
Ashenzari
Cheibriados
Dithmenos
Elyvilon
Fedhas
Gozag
Hepliaklqana
Kikubaaqudgha
Makhleb
Nemelex Xobeh
Okawaru
Qazlal
Ru
Trog
Uskayaw
Vehumet
Wu Jian
Xom
Yredelemnul
Zin
The Shining One


Message History

The ynoxinul disappears in a puff of smoke!
The ufetubus disappears in a puff of smoke! x2
You barely miss the kobold brigand.
The kobold brigand hits you with a +1 dagger of speed.
* * * LOW HITPOINT WARNING * * *
A kobold comes into view. It is wielding a +0 whip.
Throw: 3 darts (curare)
Press: ? - help, Q - select action, (/) - cycle Shift-Dir - straight line, f - kobold brigand
Aim: a kobold brigand, wielding a +1 dagger of speed and quivering curare-tipped darts (51% to hit)
You throw a curare-tipped dart.
The curare-tipped dart closely misses the kobold brigand.
The curare-tipped dart barely misses the kobold brigand. x2
The curare-tipped dart hits the kobold brigand.
The kobold brigand is poisoned.
The kobold brigand convulses.
The kobold brigand seems to slow down.
The kobold brigand is moderately wounded.
The kobold shouts!
The kobold brigand hits you but does no damage.
The kobold brigand barely misses you.
Throw: 2 darts (curare)
Press: ? - help, Q - select action, (/) - cycle Shift-Dir - straight line, f/p - kobold brigand
Aim: a kobold brigand, wielding a +1 dagger of speed and quivering curare-tipped darts (51% to hit)
You throw a curare-tipped dart.
The curare-tipped dart hits the kobold brigand.
The kobold brigand is poisoned.
The kobold brigand convulses.
The kobold brigand seems to slow down.
The kobold brigand is moderately wounded.
The kobold brigand hits you but does no damage.
You aren't carrying any items that you can evoke.
The kobold brigand throws a curare-tipped dart.
The curare-tipped dart barely misses you.
The kobold brigand throws a curare-tipped dart.
The curare-tipped dart hits you.
You are lethally poisoned!
You have difficulty breathing.
* * * LOW HITPOINT WARNING * * *
You feel yourself slow down.
* * * LOW HITPOINT WARNING * * *
You feel very sick.
You die...

#...# #. ###.# #. #.# #.
#.########. #.##.......
#.##.###### . ##### ##.##.#
.K##### #...#######.....####
.o..KK######....@).......#....#
..###KKKKK)K...#####.....#.##.#
. #.########## #..####.##.# #.#
#..# #.##.# #.# #..# #.##.# #.#
#..# #.##.# ..# #... #.##.# ..#
#.## #.##.# ..# #.#


You could see 2 kobold brigands.

Vanquished Creatures
  A kobold demonologist (D:7)
  Grinder (D:6)
  2 yaks
  Menkaure (D:6)
  2 black bears
  The ghost of BigAl the Slasher, an amateur MiGl (D:3)
  An ogre (D:5)
  4 lemures
  3 phantoms
  A bullfrog (D:6)
  A gnoll sergeant (D:6)
  3 scorpions
  A jelly (D:4)
  3 hounds
  Crazy Yiuf (D:3)
  3 orc priests (D:6)
  7 orc wizards
  Ijyb (D:3)
  6 iguanas
  Robin (D:2)
  6 gnolls
  9 adders
  A white imp (D:5)
  A worm (D:2)
  3 dart slugs
  21 orcs
  3 ball pythons
  4 bats
  4 endoplasms
  3 giant cockroaches
  13 goblins
  9 hobgoblins
  8 jackals
  9 kobolds
  6 quokkas
  2 frilled lizards
  6 rats
152 creatures vanquished.

Vanquished Creatures (others)
  A rat (D:3)
1 creature vanquished.

Grand Total: 153 creatures vanquished

Notes
Turn   | Place    | Note
-------+----------+-------------------------------------------
     0 | D:1      | Armakuni the Human Transmuter began the quest for the Orb.
     0 | D:1      | Reached XP level 1. HP: 15/15 MP: 3/3
   283 | D:1      | Reached XP level 2. HP: 21/21 MP: 3/5
   352 | D:1      | Reached skill level 1 in Maces & Flails
   708 | D:1      | Reached XP level 3. HP: 23/24 MP: 4/6
  1476 | D:2      | Reached XP level 4. HP: 33/34 MP: 7/7
  1706 | D:2      | Noticed Robin
  1732 | D:2      | Killed Robin
  1973 | D:2      | Reached XP level 5. HP: 34/41 MP: 8/8
  2028 | D:2      | Found a faded altar of an unknown god.
  2706 | D:3      | Found a runed translucent door.
  2706 | D:3      | Noticed BigAl's ghost (amateur MiGl)
  2830 | D:3      | Noticed Ijyb
  2846 | D:3      | Killed Ijyb
  3011 | D:3      | Found a runed translucent door.
  3012 | D:3      | Noticed Crazy Yiuf
  3024 | D:3      | Killed Crazy Yiuf
  3025 | D:3      | Reached XP level 6. HP: 48/48 MP: 9/9
  3100 | D:3      | Found an ornate altar of the Wu Jian Council.
  3162 | D:3      | Upgraded the game from 0.29-a0-266-gf56f883ddd to
                  | 0.29-a0-275-g389c0b56f3
  3180 | D:3      | Killed BigAl's ghost
  3181 | D:3      | Reached skill level 1 in Armour
  3891 | D:4      | Reached XP level 7. HP: 53/53 MP: 10/10
  3912 | D:4      | Reached skill level 2 in Staves
  4496 | D:5      | Entered Level 5 of the Dungeon
  4498 | D:5      | Found a staircase to the Ecumenical Temple.
  4547 | D:5      | Reached skill level 3 in Staves
  4549 | Temple   | Entered the Ecumenical Temple
  4682 | Temple   | Became a worshipper of Elyvilon the Healer
  4803 | D:5      | Reached skill level 4 in Staves
  4966 | D:5      | Reached XP level 8. HP: 60/60 MP: 11/11
  5077 | D:5      | Reached skill level 5 in Staves
  5369 | D:5      | Reached skill level 6 in Staves
  5641 | D:6      | Noticed Pikel
  6124 | D:6      | Noticed Grinder
  6126 | D:6      | Noticed Menkaure
  6131 | D:6      | Killed Menkaure
  6132 | D:6      | Reached skill level 7 in Staves
  6321 | D:6      | Killed Grinder
  6322 | D:6      | Reached skill level 8 in Staves
  6322 | D:6      | Reached XP level 9. HP: 65/65 MP: 12/12
  6630 | D:6      | Reached * piety under Elyvilon
  6970 | D:6      | Reached skill level 9 in Staves
  7057 | D:6      | Found a bloodstained altar of Trog.
  7059 | D:6      | Found a burning altar of Makhleb.
  7061 | D:6      | Found a glowing silver altar of Zin.
  7063 | D:6      | Found a glowing golden altar of the Shining One.
  7063 | D:6      | Found a stormy altar of Qazlal.
  7063 | D:6      | Found a basalt altar of Yredelemnul.
  7064 | D:6      | Found a sparkling altar of Nemelex Xobeh.
  7067 | D:6      | Found an opulent altar of Gozag.
  7346 | D:6      | Reached skill level 10 in Staves
  7699 | D:7      | Learned a level 2 spell: Wereblood
  7822 | D:7      | Noticed a kobold demonologist
  7853 | D:7      | Noticed an ice devil
  7860 | D:7      | Elyvilon protects you from harm!
  7862 | D:7      | Killed a kobold demonologist
  7870 | D:7      | HP: 1/65 [poisoned by a kobold brigand (curare-tipped
                  | dart)]
  7871 | D:7      | Succumbed to a kobold brigand's curare-tipped dart

Illustrated notes

Levels and vault maps discovered:
D:1:      dpeg_arrival_lava_temple_mockup, layout_basic,
          serial_co_window_serial, co_window_paths_a,
          co_window_of_opportunity_a, co_window_paths_a, co_window_paths_b,
          co_window_paths_b, co_window_paths_b, co_window_corner_ca,
          co_window_unsneaky_path_a, co_window_corner_b, glass_columns_c,
          glass_columns_a
D:2:      layout_loops_ring, ebering_ecumenical_altar_webs, uniq_robin
D:3:      layout_basic, nzn_wu_jian_council_hall, gammafunk_ghost_grave,
          uniq_ijyb, uniq_crazy_yiuf_cottage
D:4:      layout_basic, hangedman_decor_lopped, chequers_serial_rivers_large_b,
          lemuel_old_faithful
D:5:      minmay_diamond_boxcup, layout_loops_ring,
          minmay_temple_entry_drinking_statues, minmay_door_square
D:6:      layout_rooms, minitemple, uniq_pikel, uniq_menkaure, uniq_grinder
D:7:      layout_loops_ring, enter_bailey_2, minmay_misc_feat_enclosed
Temple:   nicolae_temple_no_exploring_needed

Skill      XL: |  1  2  3  4  5  6  7  8  9 |
---------------+----------------------------+-----
Maces & Flails | 1 2 3 |  3.3
Fighting       | 2 3 |  3.7
Armour         | 3 |  3.0
Dodging        | 3 |  3.0
Staves         | 4 8 10 | 10.8
Unarmed Combat | |  3.0
Spellcasting   | |  2.0
Transmutations | |  2.0

Action                   |  1- 3 |  4- 6 |  7- 9 || total
-------------------------+-------+-------+-------++-------
Melee: Whip              |    72 |   186 |    23 ||   281
       Unarmed           |     4 |       |       ||     4
       Kick              |     8 |     6 |       ||    14
       Headbutt          |     7 |     6 |       ||    13
       Punch             |     1 |     6 |    18 ||    25
       Mace              |       |    15 |   244 ||   259
       Flail             |       |       |   130 ||   130
Throw: Dart              |       |     4 |    12 ||    16
 Cast: Beastly Appendage |    17 |     4 |       ||    21
Evoke: Wand              |       |       |     7 ||     7
  Use: Scroll            |     4 |     2 |     7 ||    13
       Potion            |     1 |     1 |       ||     2
 Stab: Held in net/web   |       |     1 |       ||     1
Armor: Robe              |    10 |    12 |       ||    22
       Skin              |     4 |     8 |       ||    12
       Animal skin       |       |    29 |       ||    29
       Scale mail        |       |    28 |   248 ||   276
Dodge: Dodged            |    47 |    98 |   203 ||   348

Table legend: (Time is in decaauts)
 A = Elapsed time spent in this place.
 B = Non-inter-level travel time spent in this place.
 C = Inter-level travel time spent in this place.
 D = Time resting spent in this place.
 E = Time spent auto-exploring this place.
 F = Levels seen in this place.
 G = Mean time per level.
                   A        B        C        D        E       F      G
               +--------+--------+--------+--------+--------+-----+--------+
         Total |   7936 |   7663 |    273 |   1706 |   4095 |   8 |  992.0 |
       Dungeon |   7794 |   7521 |    273 |   1706 |   3969 |   7 | 1113.4 |
        Temple |    142 |    142 |      0 |      0 |    126 |   1 |  142.0 |
               +--------+--------+--------+--------+--------+-----+--------+

Top non-repeatable levels by time:
     D:6: 1634 daAuts
     D:1: 1396 daAuts
     D:5: 1374 daAuts
     D:4: 1237 daAuts
     D:2: 1041 daAuts
     D:3: 840 daAuts
     D:7: 269 daAuts
  Temple: 142 daAuts
